 Dungeon Crawl Stone Soup version 0.29.1-13-g9f3cf754e1 (webtiles) character file.

Game seed: 6075485334161807385

1323256 nightchill the Conqueror (level 26, 239/239 HPs)
             Began as a Hill Orc Abyssal Knight on Jan 25, 2023.
             Was an Elder of Lugonu.
             Escaped with the Orb
             ... and 3 runes on Jan 27, 2023!
             The game lasted 06:32:29 (113656 turns).

nightchill the Conqueror (HOAK)                   Turns: 113656, Time: 06:32:30

Health: 239/239    AC: 25    Str: 28    XL:     26   Next: 88%
Magic:  36/36      EV:  7    Int: 14    God:    Lugonu [****..]
Gold:   1923       SH: 32    Dex: 14    Spells: 25/25 levels left

rFire   + + .      SeeInvis +   a - +9 war axe (distort)
rCold   . . .      Faith    .   U - +8 tower shield
rNeg    . . .      Spirit   .   d - +0 gold dragon scales
rPois   +          Reflect  .   (helmet unavailable)
rElec   .          Harm     .   R - scarf {repulsion}
rCorr   .          Rampage  .   g - +0 pair of fencer's gloves {Riposte Dex+3}
Will    +++..                   (no boots)
Stlth   ..........              r - amulet of the acrobat
HPRegen 0.49/turn               q - ring of Logazer {rPois rF+ rC- Will+ Int+4}
MPRegen 0.25/turn               T - ring of Rarall {rPois Will+}

@: studying 2 skills, repel missiles
A: antennae 3, deterioration 2, frail 1, low MP 1, passive freeze, subdued magic
2, inability to read after injury 1, devolution 1
0: Orb of Zot
}: 3/15 runes: decaying, silver, gossamer
a: Renounce Religion, Depart the Abyss, Bend Space, Banish, Corrupt


You escaped.
You worshipped Lugonu.
Lugonu was greatly pleased with you.
You visited 10 branches of the dungeon, and saw 50 of its levels.
You visited the Abyss 1 time.
You visited 1 bazaar.
You also visited: Bailey and Gauntlet.

You collected 8648 gold pieces.
You spent 6725 gold pieces at shops.

Inventory:

Hand Weapons
 a - a +9 war axe of distortion (weapon)
 b - a +2 broad axe of flaming
Missiles
 D - 12 curare-tipped darts
 M - 9 throwing nets
Armour
 d - +0 gold dragon scales (worn)
 g - the +0 pair of fencer's gloves (worn) {Riposte Dex+3}
   (You found it on level 3 of the Elven Halls)

   It allows the wearer to riposte with melee weapons, swiftly retaliating
   against missed or blocked melee attacks.
   Dex:       It affects your dexterity (+3).
 v - a +2 hat
 R - a scarf of repulsion (worn)
 U - a +8 tower shield (worn)
Magical Staves
 w - a staff of air
Jewellery
 c - the ring "Xofuuj" {rPois rCorr}
   (You took it off a vault guard on level 5 of the Vaults)

   [ring of poison resistance]

   rPois:     It protects you from poison.
   rCorr:     It protects you from acid and corrosion.
 q - the ring of Logazer (left hand) {rPois rF+ rC- Will+ Int+4}
   (You bought it in a shop in a bazaar)

   [ring of poison resistance]

   Int:       It affects your intelligence (+4).
   rF:        It protects you from fire.
   rC:        It makes you vulnerable to cold.
   rPois:     It protects you from poison.
   Will:      It increases your willpower.
 r - an amulet of the acrobat (around neck)
 J - the amulet "Reojas" {Reflect rF+++ rC- rCorr SH+5 Stlth-}
   (You took it off a draconian monk on level 4 of the Depths)

   [amulet of reflection]

   It reflects blocked missile attacks.
   rF:        It renders you almost immune to fire.
   rC:        It makes you vulnerable to cold.
   rCorr:     It protects you from acid and corrosion.
   SH:        It affects your SH (+5).
   Stlth:     It makes you less stealthy.
 P - a ring of protection from cold
 T - the ring of Rarall (right hand) {rPois Will+}
   (You took it off a deep elf demonologist on level 3 of the Elven Halls)

   [ring of poison resistance]

   rPois:     It protects you from poison.
   Will:      It increases your willpower.
 W - the ring of Intercession {rPois rN+ Dex+3 SInv}
   (You found it on level 5 of the Vaults)

   [ring of see invisible]

   Dex:       It affects your dexterity (+3).
   rPois:     It protects you from poison.
   rN:        It protects you from negative energy.
   SInv:      It lets you see invisible.
Wands
 e - a wand of light (22)
 p - a wand of roots (27)
 O - a wand of charming (51)
 S - a wand of digging (6)
 Y - a wand of mindburst (26)
 Z - a wand of polymorph (13)
Scrolls
 f - a scroll of fog
 h - 9 scrolls of poison
 k - 15 scrolls of teleportation
 l - 7 scrolls of vulnerability
 y - 3 scrolls of immolation
 A - 8 scrolls of fear
 E - a scroll of summoning
 I - a scroll of silence
 N - 10 scrolls of noise
 V - 5 scrolls of torment
Potions
 i - 7 potions of berserk rage
 j - 6 potions of invisibility
 m - 6 potions of magic
 n - 10 potions of lignification
 t - 3 potions of might
 x - 4 potions of flight
 z - 17 potions of ambrosia
 C - a potion of cancellation
 F - 3 potions of mutation
 H - 4 potions of resistance
 L - 10 potions of curing
 X - 7 potions of attraction
Miscellaneous
 o - a condenser vane
 u - a tin of tremorstones (2/2)
 G - a phial of floods
 K - a box of beasts
 Q - a phantom mirror (inert)


   Skills:
 O Level 27 Fighting
 - Level 18.0 Axes
 + Level 21.5 Armour
 - Level 0.7 Dodging
 - Level 25.0 Shields
 O Level 27 Invocations
 - Level 15.0 Evocations


You had 25 spell levels left.
You didn't know any spells.
Your spell library contained the following spells:

 Spells                   Type           Power      Damage    Failure   Level
 Apportation              Tloc           0%         N/A       96%         1
 Foxfire                  Conj/Fire      0%         2x1d4     96%         1
 Magic Dart               Conj           0%         1d3       96%         1
 Necrotise                Necr           0%         1d4       96%         1
 Shock                    Conj/Air       0%         1d3       96%         1
 Slow                     Hex            0%         N/A       96%         1
 Summon Small Mammal      Summ           0%         N/A       96%         1
 Blink                    Tloc           0%         N/A       99%         2
 Call Imp                 Summ           0%         N/A       99%         2
 Poisonous Vapours        Pois/Air       0%         N/A       99%         2
 Scorch                   Fire           0%         2d5       99%         2
 Static Discharge         Conj/Air       0%         3-3/arc   99%         2
 Sublimation of Blood     Necr           0%         N/A       99%         2
 Wereblood                Tmut           0%         N/A       99%         2
 Call Canine Familiar     Summ           0%         N/A       100%        3
 Confusing Touch          Hex            0%         N/A       100%        3
 Conjure Flame            Conj/Fire      0%         6-21      100%        3
 Gell's Gravitas          Tloc           0%         N/A       100%        3
 Ignite Poison            Fire/Tmut/Pois 0%         N/A       100%        3
 Inner Flame              Hex/Fire       0%         N/A       100%        3
 Lesser Beckoning         Tloc           0%         N/A       100%        3
 Mephitic Cloud           Conj/Pois/Air  0%         N/A       100%        3
 Ozocubu's Armour         Ice            0%         N/A       100%        3
 Portal Projectile        Hex/Tloc       0%         N/A       100%        3
 Summon Guardian Golem    Hex/Summ       0%         N/A       100%        3
 Swiftness                Air            0%         N/A       100%        3
 Teleport Other           Tloc           0%         N/A       100%        3
 Tukima's Dance           Hex            0%         N/A       100%        3
 Airstrike                Air            0%         2d(0-16)  100%        4
 Corpse Rot               Necr/Pois/Air  0%         N/A       100%        4
 Flame Wave               Conj/Fire      0%         2d4       100%        4
 Hailstorm                Conj/Ice       0%         3d3       100%        4
 Ice Form                 Ice/Tmut       0%         N/A       100%        4
 Leda's Liquefaction      Hex/Erth       0%         N/A       100%        4
 Olgreb's Toxic Radiance  Pois           0%         N/A       100%        4
 Passage of Golubria      Tloc           0%         N/A       100%        4
 Petrify                  Tmut/Erth      0%         N/A       100%        4
 Sticky Flame             Conj/Fire      0%         2d3       100%        4
 Summon Lightning Spire   Summ/Air       0%         N/A       100%        4
 Blade Hands              Tmut           0%         N/A       100%        5
 Freezing Cloud           Conj/Ice/Air   0%         6-21      100%        5
 Lee's Rapid Deconstruct  Erth           0%         3d5*      100%        5
 Manifold Assault         Tloc           0%         N/A       100%        5
 Metabolic Englaciation   Hex/Ice        0%         N/A       100%        5
 Silence                  Hex/Air        0%         N/A       100%        5
 Yara's Violent Unravell  Hex/Tmut       0%         3d3       100%        5
 Conjure Ball Lightning   Conj/Air       0%         3x3d6     100%        6
 Dispersal                Tloc           0%         N/A       100%        6
 Eringya's Noxious Bog    Tmut/Pois      0%         N/A       100%        6
 Iron Shot                Conj/Erth      0%         9d1       100%        6
 Simulacrum               Ice/Necr       0%         N/A       100%        6
 Starburst                Conj/Fire      0%         6d3       100%        6
 Statue Form              Tmut/Erth      0%         N/A       100%        6
 Summon Cactus Giant      Summ           0%         N/A       100%        6
 Enfeeble                 Hex            0%         N/A       100%        7
 Orb of Destruction       Conj           0%         9d5       100%        7
 Storm Form               Tmut/Air       0%         N/A       100%        7
 Summon Hydra             Summ           0%         N/A       100%        7
 Discord                  Hex            0%         N/A       100%        8
 Disjunction              Tloc           0%         N/A       100%        8
 Lehudib's Crystal Spear  Conj/Erth      0%         10d2      100%        8
 Maxwell's Capacitive Co  Air            0%         ∞         100%        8
 Summon Horrible Things   Summ           0%         N/A       100%        8


Dungeon Overview and Level Annotations

Branches:
Dungeon (15/15)            Temple (0/1) D:5            Lair (5/5) D:11
  Swamp (4/4) Lair:3       Spider (4/4) Lair:2        Slime (0/5) Lair:5
    Orc (2/2) D:12            Elf (3/3) Orc:2        Vaults (5/5) D:14
  Crypt (3/3) Vaults:3       Tomb (0/3) Crypt:3      Depths (4/4) D:15
    Zot (5/5) Depths:4     Bailey (visited)         Gauntlet (visited)

Altars:
Cheibriados
Dithmenos
Gozag
Kikubaaqudgha
Nemelex Xobeh
Okawaru
Qazlal
Ru
Vehumet
Wu Jian
Beogh
Jiyva

Shops:
D:12 ?   D:13 *   Orc:2 [!*=(   Elf:2 *   Elf:3 [?*   Vaults:3 *   Vaults:4 *?(
Depths:1 :

Portals:
Hell: Depths:1 Depths:2 Depths:3 Depths:4
Abyss: Depths:3
Pandemonium: Depths:2 Depths:3
Ziggurat: Depths:2

Annotations:
D:2 exclusion: downstairs
D:5 2 transporters, Colokkon's ghost, novice DrBe
D:7 2 transporters, diceflayer's ghost, novice DsHu
D:8 exclusions: 3 doors and downstairs
D:12 exclusion: downstairs
Lair:2 exclusion: oklob plant
Lair:3 exclusion: downstairs
Lair:4 exclusion: downstairs
Swamp:1 exclusion: downstairs
Spider:2 exclusion: downstairs
Spider:4 corrupted
Orc:2 3 runed translucent doors, harry2680's ghost, journeyman MiBe
Elf:2 3 runed translucent doors, exclusion: 3 doors
Elf:3 corrupted
Vaults:1 exclusion: downstairs
Vaults:2 corrupted, exclusion: downstairs
Vaults:4 corrupted
Vaults:5 !careful, corrupted
Crypt:1 !slowly, 1 exclusion
Crypt:3 corrupted, 3 exclusions
Depths:1 exclusion: downstairs
Depths:2 exclusion: downstairs
Depths:3 corrupted, exclusion: downstairs
Depths:4 corrupted, 5 exclusions
Zot:2 corrupted, exclusion: 2 upstairs
Zot:4 exclusion: upstairs
Zot:5 !beware toes and orbs. Slow, use everything. beware low piety for corrupt, corrupted, exclusions: obsidian statue and 2 upstairs
Abyss:1 Aizul; Blork the orc; Jorgrun; Louise


Innate Abilities, Weirdness & Mutations

You have a pair of large antennae on your head. (SInv)
Your body often deteriorates upon taking damage.
You are frail. (-10% HP)
Your magical capacity is low. (-10% MP)
A frigid envelope surrounds you and freezes all who hurt you.
Your spells are easier to cast, but less powerful.
You occasionally lose the ability to read scrolls when taking damage.
You have hidden genetic defects.


Message History

The tormentor is very cold.
You kill the tormentor!
Lugonu accepts your kill.
An Orb Guardian comes into view.
A nearby plant withers and dies.
You hit the Orb Guardian.
The Orb Guardian is lightly wounded.
You slice the fungus!!
The fungus begins to die.
Space warps around the fungus.
You block the Orb Guardian's attack.
You hit the Orb Guardian but do no damage.
Space warps around the Orb Guardian.
The Orb Guardian is lightly wounded.
You slice the fungus!! You block the Orb Guardian's attack.
You slash the Orb Guardian!
The Orb Guardian is lightly wounded.
You hit the fungus.
Space warps around the fungus.
The Orb Guardian blinks!
You block the Orb Guardian's attack.
You hit the Orb Guardian but do no damage.
Space warps around the Orb Guardian.
The Orb Guardian is moderately wounded.
You hit the fungus.
The Orb Guardian hits you but does no damage.
The Orb Guardian is very cold.
The Orb Guardian is moderately wounded.
You chop the Orb Guardian into pieces!!!
Space warps around the Orb Guardian.
The Orb Guardian is severely wounded.
You slice the fungus!!
Space warps around the fungus.
A nearby fungus withers and dies.
The Orb Guardian barely misses you.
You riposte.
You barely miss the Orb Guardian.
The Orb Guardian is severely wounded.
You slash the Orb Guardian!
The Orb Guardian is almost dead.
The Orb Guardian blinks!
You block the Orb Guardian's attack.
You slice the Orb Guardian!!
You kill the Orb Guardian!
Lugonu accepts your kill.
There is a staircase leading out of the dungeon here.
You have escaped!

#...#####.###...#######.#...#.###
##.## #.##P....♣..P##.##..#.#
##.######.#........♣..#.##.)..#
................♣............##
.#.######...PP.....♣♣...#....#
.#÷# #P...........♣.♣..#..# .#.#
#....P.....P.....###.# ...#
#.P♣..........P...#..# #..#
##♣..P...@...P..P#....# #..#
#.PP............P####.# #..#
#.....P........♣P# #.#### #..#
#..♣.P....P...♣..####..... #..#
#....P.......P............ #..#
#§............♣.#####..... #..#
##.#..♣........## #...## #..#
#§§§.♣♣♣♣♣..♣#######...#
#..#######§§§# ###...........##


There were no monsters in sight!

Vanquished Creatures
  3 dread liches
  5 orbs of fire (Zot:5)
  An ancient lich (Zot:5)
  2 juggernauts
  Boris (twice) (Vaults:3 Crypt:1)
  the Lernaean hydra (Swamp:4)
  5 caustic shrikes
  2 curse toes (Zot:5)
  5 golden dragons
  An electric golem (Zot:5)
  3 liches
  8 tentacled monstrosities
  19 Orb Guardians
  A deep elf master archer (Elf:3)
  5 titans (Vaults:5)
  3 quicksilver dragons
  An acid blob (Zot:1)
  2 sphinxes
  4 ancient champions
  A death cob (Zot:5)
  6 shadow dragons
  7 storm dragons
  2 revenants
  9 draconian monks
  2 draconian knights
  3 fire giants
  4 tengu reavers
  2 deep elf sorcerers
  5 frost giants
  16 vault wardens
  A ghost moth (shapeshifter) (Elf:3)
  6 ghost moths
  4 draconian shifters
  3 draconian scorchers (Zot:1)
  An emperor scorpion (Spider:4)
  2 iron dragons (Vaults:5)
  A juggernaut zombie (Crypt:3)
  5 ghouls
  3 draconian annihilators
  2 spriggan defenders (Depths:3)
  An orc warlord (Vaults:1)
  A draconian stormcaller (Zot:2)
  10 very ugly things
  A war gargoyle (Vaults:5)
  6 ironbound thunderhulks
  20 ironbound preservers
  9 stone giants
  4 vampire knights
  2 deep elf demonologists (Elf:3)
  A lorocyproca (D:2)
  8 black draconians
  7 dire elephants
  4 entropy weavers
  3 bunyips
  10 red draconians
  12 white draconians
  2 eleionomae
  11 green draconians
  8 yellow draconians
  7 purple draconians
  6 spark wasps
  7 deep elf annihilators
  A crystal guardian (Vaults:3)
  4 eidola
  A deep elf death mage (Elf:3)
  18 ettins
  7 jiangshi
  6 fire dragons
  10 yaktaur captains
  4 great orbs of eyes
  6 ice dragons
  4 deep elf high priests
  2 boulder beetles
  8 vault guards
  29 hydras
  3 rakshasas
  Harold (Lair:2)
  A spriggan air mage (Depths:2)
  A peacekeeper (Vaults:3)
  8 ironbound frosthearts
  2 ghost crabs
  4 catoblepae
  3 alligators
  A death knight (D:15)
  2 jorogumos
  A fenstrider witch skeleton (Crypt:1)
  8 centaur warriors
  3 ogre magi
  6 deep troll earth magi
  9 dancing weapons
  14 two-headed ogres
  14 death yaks
  5 deep troll shamans
  3 spriggan berserkers
  6 vampire magi
  An orc high priest (Elf:3)
  9 spriggans
  12 deep elf knights
  A sun demon (Depths:3)
  7 hell knights
  A titan skeleton (Crypt:2)
  2 soul eaters
  A shadow wraith (Crypt:2)
  5 iron trolls
  20 skeletal warriors
  7 pharaoh ants
  3 spriggan druids
  2 goliath frogs
  9 orb spiders
  10 bog bodies
  58 deep trolls
  2 flayed ghosts
  7 lindwurms
  13 swamp dragons
  A glowing orange brain (Vaults:2)
  5 steelbarb worms
  5 wizards
  12 ironbound convokers
  7 deep elf archers
  20 deep elf zephyrmancers
  2 oklob plants (Zot:2)
  7 phantasmal warriors
  A jorogumo zombie (Crypt:3)
  8 orc knights
  A stone giant zombie (Depths:1)
  9 necromancers
  23 deep elf pyromancers
  3 orc sorcerers
  19 wolf spiders
  A will-o-the-wisp (Swamp:1)
  A wolf spider zombie (D:15)
  29 ugly things
  6 cyclopes
  6 manticores
  A frost giant skeleton (Depths:1)
  18 moths of wrath
  10 vault sentinels
  5 black mambas
  A black mamba (shapeshifter) (Depths:3)
  4 elephants
  An eleionoma skeleton (Crypt:1)
  2 stone giant skeletons
  Joseph (D:8)
  4 torpor snails
  2 orange demons (Depths:2)
  A smoke demon (Depths:4)
  3 gargoyles
  A naga mage (D:15)
  Maggie (D:8)
  8 cane toads
  A dire elephant skeleton (Crypt:1)
  An unseen horror (shapeshifter) (Depths:4)
  A spriggan zombie (Depths:1)
  3 centaur skeletons
  4 freezing wraiths
  A black draconian zombie (Crypt:2)
  6 demonic crawlers
  2 rime drakes
  An elf zombie (Vaults:4)
  11 komodo dragons
  An unseen horror (D:13)
  A yaktaur zombie (Vaults:3)
  35 yaktaurs
  A tormentor (D:1)
  A hellwing (Depths:4)
  An ice devil (Depths:4)
  An unseen horror skeleton (Crypt:2)
  A red devil (Depths:2)
  A hydra zombie (Crypt:3)
  2 tengu conjurers (Depths:4)
  A troll (shapeshifter) (D:15)
  16 trolls
  A queen bee (D:11)
  A polar bear (Lair:4)
  8 hornets
  23 tarantellas
  A hydra skeleton (Crypt:2)
  29 slime creatures
  13 dream sheep
  20 blink frogs
  4 tyrant leeches
  A centaur simulacrum (Crypt:3)
  A fire dragon skeleton (Crypt:1)
  18 jumping spiders
  3 water elementals
  A shadow (D:13)
  17 culicivoras
  52 yaks
  A vampire (D:12)
  A ynoxinul (Depths:2)
  7 flying skulls
  An air elemental (Elf:3)
  A black mamba zombie (Crypt:2)
  An ettin skeleton (Vaults:4)
  6 wyverns
  7 wraiths
  2 chaos spawn (Depths:2)
  A golden eye (D:7)
  Grum (D:9)
  2 steam dragons
  46 redbacks
  4 basilisks
  A naga zombie (Crypt:3)
  18 swamp worms
  11 vampire mosquitoes
  A harpy simulacrum (Crypt:1)
  15 water moccasins
  2 glowing shapeshifter zombies
  3 wargs
  2 acid dragons
  9 swamp drakes
  2 glowing shapeshifter skeletons
  An ice beast (D:8)
  32 orc warriors
  A deep troll skeleton (Crypt:1)
  A water nymph skeleton (Crypt:2)
  A cane toad skeleton (Crypt:1)
  4 sky beasts
  A hornet zombie (Crypt:3)
  5 black bears
  A swamp dragon zombie (Crypt:2)
  An ettin simulacrum (Vaults:4)
  19 wolves
  19 ogres
  10 centaurs
  A golden eye zombie (Crypt:1)
  A hog skeleton (Crypt:1)
  6 kobold brigands
  12 bullfrogs
  5 scorpions
  8 necrophages
  5 earth elementals
  A water moccasin zombie (D:5)
  9 wights
  A warg zombie (Crypt:3)
  24 killer bees
  A polar bear zombie (Crypt:3)
  A raiju zombie (Crypt:2)
  4 howler monkeys
  5 electric eels
  A wolf zombie (Crypt:2)
  A bullfrog zombie (D:5)
  13 orc priests
  4 jellies
  8 hounds
  A black bear zombie (Crypt:2)
  3 gnoll boudas
  3 human zombies
  4 iguanas
  7 hell rats (Lair:2)
  14 orc wizards
  A scorpion zombie (D:5)
  3 wolf simulacra (Lair:3)
  2 yak simulacra (Lair:3)
  3 polar bear simulacra (Lair:3)
  A hound zombie (D:5)
  A mummy (D:5)
  A howler monkey zombie (D:5)
  14 gnolls
  8 adders
  A swamp drake zombie (Crypt:3)
  A shadow imp (D:6)
  2 white imps
  2 ufetubi (D:5)
  An adder zombie (D:5)
  A worm (D:2)
  2 dart slugs
  61 orcs
  8 bats
  4 endoplasms
  6 giant cockroaches
  11 goblins
  14 hobgoblins
  5 jackals
  32 kobolds
  4 quokkas
  13 ball pythons
  3 frilled lizards (D:3)
  A gnoll skeleton (Crypt:1)
  4 rats
  3 river rat simulacra (Lair:3)
  A river rat skeleton (Crypt:1)
1776 creatures vanquished.

Vanquished Creatures (collateral kills)
  Jory (Vaults:3)
  A tengu reaver (Vaults:5)
  A deep elf sorcerer (Vaults:5)
  A stone giant (Vaults:5)
4 creatures vanquished.

Vanquished Creatures (others)
  2 dread liches
  An orb of fire (Zot:5)
  Boris (Crypt:3)
  Saint Roka (Vaults:2)
  A caustic shrike (Depths:4)
  4 Orb Guardians (Zot:5)
  A walking divine tome (Depths:3)
  7 acid blobs (Zot:2)
  A titan (Depths:3)
  A deep elf master archer (Elf:3)
  A deep elf blademaster (Elf:3)
  4 shadow dragons
  2 fire giants (Depths:4)
  An iron dragon (Depths:4)
  2 storm dragons
  A deep elf sorcerer (Elf:3)
  A frost giant (Depths:3)
  5 emperor scorpions (Spider:4)
  A ghost moth (Spider:4)
  A vault warden (Vaults:5)
  3 draconian shifters (Zot:2)
  An orc warlord (Vaults:4)
  A draconian scorcher (Zot:2)
  A curse skull (Crypt:3)
  A ghoul (Crypt:3)
  A draconian annihilator (Zot:2)
  6 deep elf elementalists (Elf:3)
  3 stone giants
  An ironbound preserver (Vaults:4)
  3 deep elf demonologists (Elf:3)
  5 deep elf annihilators (Elf:3)
  9 yellow draconians (Zot:2)
  2 ettins (Depths:4)
  A spark wasp (Spider:4)
  8 deep elf death magi (Elf:3)
  A purple draconian (Zot:5)
  2 crystal guardians (Vaults:4)
  A fire dragon (Depths:3)
  An eidolon (Crypt:3)
  A jiangshi (Crypt:1)
  A peacekeeper (Vaults:4)
  17 vault guards (Vaults:5)
  A spriggan air mage (Depths:3)
  A dancing weapon (Elf:3)
  A soul eater (Crypt:3)
  A vampire mage (Crypt:3)
  A hell knight (Depths:4)
  A deep elf knight (Elf:3)
  2 skeletal warriors (Crypt:3)
  3 deep trolls (Vaults:4)
  An iron troll (Depths:3)
  A flayed ghost (Depths:3)
  An ironbound convoker (Vaults:5)
  2 deep elf archers (Elf:3)
  2 bog bodies (Crypt:3)
  3 orc knights (Vaults:4)
  A wizard (D:15)
  A wolf spider (Spider:4)
  An oklob plant (Zot:2)
  4 deep elf pyromancers (Elf:3)
  2 moths of wrath
  A vault sentinel (Vaults:2)
  4 yaktaurs (Vaults:5)
  4 hornets (Spider:4)
  A water elemental (Elf:3)
  A swamp worm (Swamp:2)
  3 orc warriors (Vaults:2)
  A swamp drake (Swamp:2)
  A hog zombie (Crypt:3)
  A necrophage (Crypt:3)
  16 jellies (Zot:2)
  An orc wizard (Orc:1)
  2 orcs (Vaults:2)
  4 foxfires (Swamp:1)
  43 fungi
  58 plants
  37 starspawn tentacles
317 creatures vanquished.

Grand Total: 2097 creatures vanquished

Notes
Turn   | Place    | Note
-------+----------+-------------------------------------------
     0 | Abyss:1  | nightchill the Hill Orc Abyssal Knight began the quest for
                  | the Orb.
     0 | Abyss:1  | Reached XP level 1. HP: 19/19 MP: 2/2
     1 | D:1      | Escaped the Abyss
   193 | D:1      | Reached XP level 2. HP: 24/27 MP: 4/4
   476 | D:1      | Found a faded altar of an unknown god.
   569 | D:1      | Reached XP level 3. HP: 30/33 MP: 5/5
  1302 | D:2      | Reached XP level 4. HP: 35/40 MP: 6/6
  1395 | D:2      | Reached *** piety under Lugonu
  1890 | D:3      | Found a radiant altar of Vehumet.
  1929 | D:3      | Noticed a scorpion
  1933 | D:3      | Killed a scorpion
  1934 | D:3      | Reached skill level 5 in Axes
  1934 | D:3      | Reached XP level 5. HP: 47/47 MP: 6/8
  2492 | D:2      | Reached skill level 5 in Fighting
  2492 | D:2      | Reached XP level 6. HP: 52/56 MP: 9/9
  3117 | D:4      | Noticed Blork the orc
  3132 | D:4      | Banished Blork the orc
  3287 | D:4      | Reached skill level 5 in Invocations
  3539 | D:4      | Reached XP level 7. HP: 35/61 MP: 10/10
  3712 | D:4      | Reached **** piety under Lugonu
  4291 | D:5      | Entered Level 5 of the Dungeon
  4431 | D:5      | Found a staircase to the Ecumenical Temple.
  4680 | D:5      | Reached XP level 8. HP: 71/71 MP: 12/12
  4921 | D:5      | Found an ancient bone altar of Kikubaaqudgha.
  5018 | D:5      | Found a transporter.
  5020 | D:5      | Noticed Colokkon's ghost (novice DrBe)
  5021 | D:5      | Found a transporter.
  5489 | D:5      | Reached skill level 10 in Axes
  6056 | D:5      | Identified the +5 dire flail of Mastery {vorpal, Int+2}
  6199 | D:6      | Reached XP level 9. HP: 74/79 MP: 14/14
  6802 | D:6      | Found a snail-covered altar of Cheibriados.
  7691 | D:7      | Found a stormy altar of Qazlal.
  7704 | D:7      | Noticed a cyclops
  7707 | D:7      | Banished a cyclops
  7782 | D:7      | Noticed a cyclops
  7810 | D:7      | Banished a cyclops
  7811 | D:7      | Reached XP level 10. HP: 78/91 MP: 7/17
  7977 | D:7      | Found a flagged portal.
  7986 | D:7      | Paralysed by a hornet for 1 turns
  8003 | Bailey   | Entered a bailey
  8641 | Bailey   | Found a large runed translucent door.
  8641 | Bailey   | Found a large runed translucent door.
  8673 | Bailey   | Noticed an orc knight
  8678 | Bailey   | Banished an orc knight
  8679 | Bailey   | Reached skill level 10 in Invocations
  9183 | Bailey   | Noticed a deep elf zephyrmancer
  9242 | Bailey   | Killed a deep elf zephyrmancer
  9243 | Bailey   | Reached skill level 10 in Fighting
  9264 | Bailey   | Identified the +6 plate armour of Charity {Dex+3}
  9399 | D:7      | Noticed diceflayer's ghost (novice DsHu)
  9401 | D:7      | Found a transporter.
  9406 | D:7      | Found a transporter.
  9819 | D:7      | Identified 2 scrolls of acquirement
  9819 | D:7      | Acquired the amulet of Sin {RegenMP rCorr Str+3}
  9820 | D:7      | Acquired 1116 gold pieces
  9834 | D:8      | Found a sparkling altar of Nemelex Xobeh.
  9983 | D:8      | Reached skill level 1 in Evocations
 10271 | D:8      | Noticed a gargoyle
 10272 | D:8      | Noticed a death knight
 10281 | D:8      | Banished a gargoyle
 10282 | D:8      | Reached XP level 11. HP: 103/103 MP: 13/18
 10320 | D:8      | Banished a death knight
 10383 | D:8      | Noticed Maggie
 10416 | D:8      | Killed Maggie
 10665 | D:8      | Found an iron altar of Okawaru.
 10668 | D:8      | Found a sacrificial altar of Ru.
 10669 | D:8      | Found an opulent altar of Gozag.
 10669 | D:8      | Found a shadowy altar of Dithmenos.
 10758 | D:8      | Noticed Joseph
 10777 | D:8      | Killed Joseph
 11022 | D:8      | Noticed a purple ugly thing
 11031 | D:8      | Banished a purple ugly thing
 11032 | D:8      | Reached skill level 5 in Armour
 11168 | D:8      | Noticed an eight-headed hydra
 11169 | D:8      | Banished an eight-headed hydra
 11171 | D:8      | Noticed a tengu warrior
 11176 | D:8      | Banished a tengu warrior
 11181 | D:8      | Noticed a four-headed hydra
 11190 | D:8      | Killed a one-headed hydra
 11214 | D:8      | Noticed a cyclops
 11219 | D:8      | Banished a cyclops
 11220 | D:8      | Reached skill level 5 in Evocations
 11374 | D:8      | Got the Lessons on Collective Jinxing
 11624 | D:9      | Noticed a two-headed ogre
 11634 | D:9      | Banished a two-headed ogre
 12559 | D:9      | Noticed a two-headed ogre
 12564 | D:9      | Banished a two-headed ogre
 12565 | D:9      | Reached XP level 12. HP: 115/115 MP: 10/19
 12799 | D:9      | Noticed Grum
 13202 | D:9      | Killed Grum
 13486 | D:10     | Entered Level 10 of the Dungeon
 13757 | D:10     | Reached skill level 15 in Axes
 13878 | D:10     | Noticed a two-headed ogre
 13881 | D:10     | Banished a two-headed ogre
 13882 | D:10     | Reached skill level 1 in Shields
 14512 | D:11     | Noticed a two-headed ogre
 15548 | D:11     | Noticed a seven-headed hydra
 15550 | D:11     | Banished a seven-headed hydra
 15566 | D:11     | Banished a two-headed ogre
 15769 | D:11     | Found a staircase to the Lair.
 15845 | D:11     | Noticed a two-headed ogre
 15846 | D:11     | Banished a two-headed ogre
 16494 | Lair:1   | Entered Level 1 of the Lair of Beasts
 16502 | Lair:1   | Noticed a four-headed hydra
 16515 | Lair:1   | Killed a one-headed hydra
 16591 | Lair:1   | Found a gate leading to a gauntlet.
 16827 | Gauntlet | Entered a Gauntlet
 16827 | Gauntlet | Found a transporter.
 16831 | Gauntlet | Found a transporter.
 16833 | Gauntlet | Found a transporter.
 16844 | Gauntlet | Found a runed translucent gate.
 16846 | Gauntlet | Found a runed translucent gate.
 16846 | Gauntlet | Found a transporter.
 16847 | Gauntlet | Found a runed translucent gate.
 16848 | Gauntlet | Found a transporter.
 16858 | Gauntlet | Found a transporter.
 16874 | Gauntlet | Found a transporter.
 16883 | Gauntlet | Found a runed translucent door.
 16884 | Gauntlet | Found a transporter.
 16885 | Gauntlet | Found a runed translucent door.
 16891 | Gauntlet | Found a runed translucent door.
 16895 | Gauntlet | Found a transporter.
 16908 | Gauntlet | Found a transporter.
 16984 | Lair:1   | Noticed a boulder beetle
 16993 | Lair:1   | Banished a boulder beetle
 16994 | Lair:1   | Reached XP level 13. HP: 82/123 MP: 12/21
 16999 | Lair:1   | Reached skill level 5 in Shields
 18501 | Lair:2   | Found a hole to the Spider Nest.
 19445 | Lair:2   | Noticed Harold
 19514 | Lair:2   | Killed Harold
 20328 | Lair:3   | Reached skill level 15 in Fighting
 21771 | Lair:3   | Found a staircase to the Swamp.
 21827 | Lair:3   | Reached XP level 14. HP: 114/135 MP: 23/23
 22083 | Lair:4   | Reached skill level 10 in Shields
 23900 | D:12     | Found a staircase to the Orcish Mines.
 23961 | D:12     | Found Zedghup's Magic Scroll Boutique.
 24136 | Orc:1    | Entered Level 1 of the Orcish Mines
 24388 | Orc:2    | Entered Level 2 of the Orcish Mines
 25306 | Orc:2    | Found Emiym's Antique Weapon Shop.
 25389 | Orc:2    | Found a staircase to the Elven Halls.
 25831 | Orc:2    | Reached ***** piety under Lugonu
 27170 | Orc:2    | Found Otomui's Assorted Antiques.
 27171 | Orc:2    | Found Rioku's Armour Boutique.
 27176 | Orc:2    | Found Uham's Jewellery Shoppe.
 27187 | Orc:2    | Found Tacor's Distillery.
 27563 | Orc:2    | Found a runed translucent gate.
 27563 | Orc:2    | Noticed harry2680's ghost (journeyman MiBe)
 27564 | Orc:2    | Found a runed translucent gate.
 27565 | Orc:2    | Found a runed translucent gate.
 27835 | Orc:2    | Bought a broad axe for 124 gold pieces
 27888 | Orc:2    | Bought a potion of curing for 45 gold pieces
 27888 | Orc:2    | Bought 2 potions of invisibility for 240 gold pieces
 27888 | Orc:2    | Bought a potion of heal wounds for 75 gold pieces
 27888 | Orc:2    | Bought a potion of resistance for 150 gold pieces
 27895 | Orc:2    | Bought a ring of protection from cold for 350 gold pieces
 28164 | D:12     | Reached XP level 15. HP: 134/145 MP: 26/26
 28441 | D:13     | Found Pegras's Profane Products.
 28582 | D:13     | Reached skill level 15 in Invocations
 28742 | D:12     | Bought a scroll of fear for 68 gold pieces
 28742 | D:12     | Bought a scroll of blinking for 127 gold pieces
 28742 | D:12     | Bought a scroll of blinking for 127 gold pieces
 28742 | D:12     | Bought a scroll of blinking for 127 gold pieces
 28742 | D:12     | Bought 3 scrolls of blinking for 382 gold pieces
 28742 | D:12     | Bought a scroll of fear for 68 gold pieces
 28742 | D:12     | Bought a scroll of teleportation for 51 gold pieces
 28742 | D:12     | Bought a scroll of silence for 161 gold pieces
 29299 | Lair:5   | Entered Level 5 of the Lair of Beasts
 30847 | Lair:5   | Found a viscous altar of Jiyva.
 30847 | Lair:5   | Found a staircase to the Slime Pits.
 32804 | D:13     | You fall into a shaft and drop 2 floors!
 32804 | D:15     | Entered Level 15 of the Dungeon
 33299 | D:13     | Reached XP level 16. HP: 138/157 MP: 27/27
 33995 | D:14     | Found a gate to the Vaults.
 34332 | D:14     | Identified the +10 trident "nightchill's Regret" {venom,
                  | Int+2 Dex+4}
 35250 | D:15     | Reached skill level 15 in Shields
 36942 | Swamp:1  | Entered Level 1 of the Swamp
 37934 | Swamp:1  | Reached ****** piety under Lugonu
 37943 | Swamp:1  | Identified a +5 war axe of distortion (a +3 war axe of
                  | protection corrupted by Lugonu)
 37943 | Swamp:1  | Received a gift from Lugonu
 38575 | Swamp:1  | Noticed Aizul
 38595 | Swamp:1  | Banished Aizul
 40214 | Swamp:3  | Reached XP level 17. HP: 150/168 MP: 28/28
 40276 | Swamp:3  | Identified the +6 shortbow of Havoc {venom, rC+ Str+3
                  | Dex-5}
 40960 | Spider:1 | Entered Level 1 of the Spider Nest
 43460 | Spider:2 | Gained mutation: You are clumsy. (Dex -2) [mutagenic glow]
 46032 | Spider:3 | Got the Tome of the Assassin
 47975 | Swamp:4  | Entered Level 4 of the Swamp
 48501 | Swamp:4  | Reached XP level 18. HP: 156/178 MP: 30/30
 48563 | Swamp:4  | Noticed Louise
 48573 | Swamp:4  | Banished Louise
 49117 | Swamp:4  | Noticed the 27-headed Lernaean hydra
 49151 | Swamp:4  | Identified the +2 robe "Ewoqaz" {rPois Will- Str+5}
 50437 | Swamp:4  | Killed the 27-headed Lernaean hydra
 50644 | Swamp:4  | Got a decaying rune of Zot
 51158 | Spider:4 | Entered Level 4 of the Spider Nest
 51802 | D:15     | Found a staircase to the Depths.
 51829 | Depths:1 | Entered Level 1 of the Depths
 52053 | Vaults:1 | Entered Level 1 of the Vaults
 52103 | Vaults:1 | Found a flickering gateway to a bazaar.
 52143 | Bazaar   | Entered a bazaar
 52148 | Bazaar   | Found Jez Utotu's Jewellery Shop.
 52150 | Bazaar   | Found Ebbe's Book Shop.
 52206 | Bazaar   | Bought the ring of Logazer {rPois rF+ rC- Will+ Int+4} for
                  | 492 gold pieces
 52206 | Bazaar   | Bought an amulet of the acrobat for 360 gold pieces
 54254 | Vaults:1 | Identified the +10 arbalest of the Lurker {freeze, rC+++
                  | Will++ Str+4}
 55117 | Vaults:2 | Reached XP level 19. HP: 186/189 MP: 32/32
 56285 | Vaults:2 | Identified the amulet "Furamyuw" {Faith Fragile rF++ rCorr
                  | Int+3}
 57345 | Vaults:2 | Noticed Saint Roka
 57350 | Vaults:2 | Corrupted Vaults:2
 57363 | Vaults:2 | Killed Saint Roka
 59014 | Vaults:3 | Found a staircase to the Crypt.
 59602 | Vaults:3 | Noticed Jory
 59611 | Vaults:3 | Killed Jory
 60373 | Vaults:3 | Noticed Boris
 60404 | Vaults:3 | Killed Boris
 60405 | Vaults:3 | Reached XP level 20. HP: 125/200 MP: 33/33
 60409 | Vaults:3 | Reached skill level 10 in Armour
 61655 | Vaults:3 | Found Wariush's Assorted Antiques.
 62244 | Vaults:3 | Bought a pair of glowing gloves for 330 gold pieces
 62244 | Vaults:3 | Bought a potion of heal wounds for 220 gold pieces
 62331 | Vaults:4 | Found Bulegh's Assorted Antiques.
 62331 | Vaults:4 | Found Ekkining's Magic Scroll Boutique.
 62331 | Vaults:4 | Found Peb Zuwa's Antique Armour Shop.
 64863 | Vaults:4 | Found Pikyemm's Antique Weapon Emporium.
 65153 | Vaults:4 | Corrupted Vaults:4
 65154 | Vaults:4 | Noticed a hellephant
 65463 | Vaults:4 | Bought a potion of might for 84 gold pieces
 65463 | Vaults:4 | Bought 2 potions of might for 168 gold pieces
 65463 | Vaults:4 | Bought a scroll of blinking for 157 gold pieces
 65463 | Vaults:4 | Bought 2 potions of haste for 420 gold pieces
 66208 | Depths:1 | Found Viabakeki's One-of-a-Kind Books.
 66656 | Depths:1 | You fall into a shaft and drop 1 floor!
 66736 | Depths:1 | Reached XP level 21. HP: 209/209 MP: 35/35
 67478 | Depths:1 | Found a gateway to Hell.
 68050 | Depths:1 | Found an ornate altar of the Wu Jian Council.
 69173 | Depths:2 | Reached skill level 10 in Evocations
 69499 | Depths:2 | Noticed a juggernaut
 69555 | Depths:2 | Killed a juggernaut
 69969 | Depths:2 | Identified the +2 scimitar of Immorality {freeze, Fragile
                  | rF+ Will+++ Str+4}
 70179 | Depths:2 | Found a one-way gate leading to the halls of Pandemonium.
 71010 | Depths:2 | Found a one-way gateway to a ziggurat.
 71281 | Depths:3 | Found a one-way gate to the infinite horrors of the Abyss.
 71852 | Depths:3 | Found an ancient bone altar of Kikubaaqudgha.
 72846 | Depths:3 | Corrupted Depths:3
 72846 | Depths:3 | Noticed a bone dragon
 73953 | Depths:4 | Entered Level 4 of the Depths
 73963 | Depths:3 | Reached XP level 22. HP: 222/222 MP: 36/36
 74015 | Depths:4 | Noticed a caustic shrike
 74433 | Depths:3 | Killed a caustic shrike
 74560 | Depths:4 | Noticed a caustic shrike
 74560 | Depths:4 | Noticed a caustic shrike
 74570 | Depths:3 | Killed a caustic shrike
 74714 | Depths:4 | Noticed a juggernaut
 74721 | Depths:3 | Banished a caustic shrike
 76331 | Depths:4 | Killed a juggernaut
 76334 | Depths:4 | Noticed a caustic shrike
 76337 | Depths:4 | Noticed a caustic shrike
 76338 | Depths:4 | Noticed a caustic shrike
 76339 | Depths:4 | Noticed a caustic shrike
 76354 | Depths:3 | Killed a caustic shrike
 76661 | Depths:4 | Banished a caustic shrike
 76689 | Depths:4 | Killed a caustic shrike
 76832 | Depths:4 | Killed a caustic shrike
 77085 | Depths:4 | Noticed a caustic shrike
 77086 | Depths:4 | Corrupted Depths:4
 77130 | Depths:4 | Killed a caustic shrike
 80041 | Vaults:4 | Bought a scroll of blinking for 142 gold pieces
 80041 | Vaults:4 | Bought a scroll of magic mapping for 142 gold pieces
 80041 | Vaults:4 | Bought a scroll of enchant armour for 142 gold pieces
 80041 | Vaults:4 | Bought a scroll of enchant weapon for 142 gold pieces
 80041 | Vaults:4 | Bought a scroll of enchant armour for 142 gold pieces
 80041 | Vaults:4 | Bought a scroll of enchant armour for 142 gold pieces
 80041 | Vaults:4 | Bought a scroll of blinking for 142 gold pieces
 80048 | Vaults:4 | Bought a scroll of magic mapping for 157 gold pieces
 81462 | Spider:4 | Reached skill level 15 in Armour
 81740 | Spider:4 | Corrupted Spider:4
 81741 | Spider:4 | Gained mutation: You are occasionally teleported next to
                  | monsters. [a neqoxec]
 81774 | Spider:4 | Noticed an ancient lich
 81902 | Spider:4 | Got a gossamer rune of Zot
 82085 | Lair:2   | Lost mutation: You are occasionally teleported next to
                  | monsters. [potion of mutation]
 82085 | Lair:2   | Lost mutation: You are clumsy. (Dex -2) [potion of
                  | mutation]
 82085 | Lair:2   | Gained mutation: You have large cloven feet. [potion of
                  | mutation]
 82085 | Lair:2   | Gained mutation: You occasionally lose the ability to drink
                  | potions when taking damage. [potion of mutation]
 82085 | Lair:2   | Gained mutation: Your skin changes colour to match your
                  | surroundings (Stealth+). [potion of mutation]
 82151 | Lair:1   | Lost mutation: Your skin changes colour to match your
                  | surroundings (Stealth+). [potion of mutation]
 82151 | Lair:1   | Lost mutation: You have large cloven feet. [potion of
                  | mutation]
 82151 | Lair:1   | Gained mutation: You are partially covered in iridescent
                  | scales. (AC +2) [potion of mutation]
 82151 | Lair:1   | Gained mutation: You have sharp fingernails. [potion of
                  | mutation]
 82298 | D:6      | Lost mutation: You are partially covered in iridescent
                  | scales. (AC +2) [potion of mutation]
 82298 | D:6      | Lost mutation: You occasionally lose the ability to drink
                  | potions when taking damage. [potion of mutation]
 82298 | D:6      | Lost mutation: You have sharp fingernails. [potion of
                  | mutation]
 82298 | D:6      | Gained mutation: You sometimes lose your temper in combat.
                  | [potion of mutation]
 82298 | D:6      | Gained mutation: Your body sometimes deteriorates upon
                  | taking damage. [potion of mutation]
 82298 | D:6      | Gained mutation: Your natural rate of healing is unusually
                  | fast. [potion of mutation]
 82299 | D:6      | Lost mutation: You sometimes lose your temper in combat.
                  | [potion of mutation]
 82299 | D:6      | Lost mutation: Your natural rate of healing is unusually
                  | fast. [potion of mutation]
 82299 | D:6      | Gained mutation: A frigid envelope surrounds you and
                  | freezes all who hurt you. [potion of mutation]
 82299 | D:6      | Gained mutation: You have a pair of small antennae on your
                  | head. [potion of mutation]
 82749 | Vaults:5 | Entered Level 5 of the Vaults
 82749 | Vaults:5 | Noticed a dread lich
 82750 | Vaults:5 | Corrupted Vaults:5
 82768 | Vaults:5 | Killed a dread lich
 83070 | Vaults:5 | Identified the +11 sling of Beogh, Bashing {flame, Will-
                  | rCorr Int+6}
 83074 | Vaults:5 | Reached XP level 23. HP: 85/214 MP: 37/37
 83078 | Vaults:5 | Noticed a golden dragon
 83641 | Vaults:5 | Identified the +8 dagger of the Desolation of Salt
                  | {antimagic, Stlth+}
 83895 | Vaults:5 | Noticed a dread lich
 83970 | Vaults:5 | Killed a dread lich
 84398 | Vaults:4 | Killed a golden dragon
 84469 | Vaults:5 | Identified the +1 leather armour of the Dungeon {rElec}
 84739 | Vaults:5 | Identified the ring "Xofuuj" {rPois rCorr}
 84839 | Vaults:5 | HP: 9/197 [titan/bolt of lightning (20)]
 85062 | Vaults:5 | Identified the +8 trident "Qady" {speed, rC- Will+ MP+9
                  | Int+7}
 85062 | Vaults:5 | Identified the ring "Mucydemi" {rPois rCorr AC+4}
 86017 | Vaults:5 | Got a silver rune of Zot
 86866 | Vaults:5 | Noticed a dread lich
 86869 | Vaults:5 | Banished a dread lich
 87327 | Vaults:5 | Identified the +5 great sword of Immorality {venom, Contam
                  | +Blink Str+4}
 87327 | Vaults:5 | Identified the ring of Quozypa {rPois EV+4 Slay+5}
 87412 | Vaults:5 | Identified the ring of Intercession {rPois rN+ Dex+3 SInv}
 87432 | Vaults:5 | Got the Teachings on Feathers and Profane Deeds
 87532 | Vaults:5 | Identified the +0 ring mail "Decynol" {Dex+5}
 87533 | Vaults:5 | Identified the +3 scale mail of Grottiness {Str+5}
 88131 | Elf:1    | Entered Level 1 of the Elven Halls
 88186 | Elf:1    | Noticed Jorgrun
 88197 | Elf:1    | Banished Jorgrun
 88386 | Elf:1    | Got the Verses on Confrontation
 89250 | Elf:2    | Found a runed translucent gate.
 89250 | Elf:2    | Found a runed translucent gate.
 89251 | Elf:2    | Found a runed translucent gate.
 89431 | Elf:2    | Found a frozen archway.
 89460 | Elf:2    | Found Iruckukk's General Store.
 89707 | Elf:3    | Entered Level 3 of the Elven Halls
 89709 | Elf:3    | Paralysed by an air elemental for 1 turns
 89814 | Elf:3    | Found Widok's Magic Scroll Emporium.
 89818 | Elf:3    | Bought a scroll of fear for 60 gold pieces
 89818 | Elf:3    | Bought a scroll of noise for 15 gold pieces
 89856 | Elf:3    | Found Dineobb's Armour Shoppe.
 89963 | Elf:3    | Reached skill level 15 in Evocations
 90136 | Elf:3    | Found a roughly hewn altar of Beogh.
 90142 | Elf:3    | Reached XP level 24. HP: 225/245 MP: 38/38
 90544 | Elf:3    | Found Imiomabe's Assorted Antiques.
 90549 | Elf:3    | Bought a scroll of blinking for 217 gold pieces
 91053 | Elf:3    | Corrupted Elf:3
 91507 | Elf:3    | Identified the ring of Rarall {rPois Will+}
 91752 | Elf:3    | Found the +0 pair of fencer's gloves {Riposte Dex+3}
 91979 | Elf:3    | Got Nynuxt's Directory of Free Expression
 92152 | Elf:3    | Identified the +1 demon whip of the Turnip {drain, Dex+3}
 92156 | Elf:3    | Identified the +3 whip of Propriety {vorpal, Will+}
 92209 | Elf:3    | Identified the ring of the Voivode {rN+ MP+9}
 92331 | Elf:3    | Bought a scroll of teleportation for 45 gold pieces
 92353 | Elf:2    | Bought a scroll of teleportation for 48 gold pieces
 92353 | Elf:2    | Bought a potion of invisibility for 128 gold pieces
 93084 | Crypt:1  | Entered Level 1 of the Crypt
 93308 | Crypt:1  | Noticed Boris
 93355 | Crypt:1  | Killed Boris
 95590 | Crypt:3  | Entered Level 3 of the Crypt
 96077 | Crypt:3  | Noticed Boris
 96102 | Crypt:3  | Corrupted Crypt:3
 96121 | Crypt:3  | Reached skill level 27 in Fighting
 96121 | Crypt:3  | Killed Boris
 96821 | Crypt:3  | Found a staircase to the Tomb.
 98639 | Orc:2    | Bought 2 potions of resistance for 440 gold pieces
 98639 | Orc:2    | Bought a potion of berserk rage for 110 gold pieces
 98639 | Orc:2    | Bought a potion of berserk rage for 110 gold pieces
 98650 | Orc:2    | Bought a potion of berserk rage for 75 gold pieces
 99162 | Depths:4 | Identified the amulet "Reojas" {Reflect rF+++ rC- rCorr
                  | SH+5 Stlth-}
 99315 | Depths:4 | Identified the +5 flail "Umnu" {vorpal, Will++ MP+9}
 99446 | Depths:4 | Reached XP level 25. HP: 245/257 MP: 39/39
100141 | Depths:4 | Found a gate to the Realm of Zot.
100441 | Zot:1    | Entered Level 1 of the Realm of Zot
104658 | Zot:2    | Corrupted Zot:2
104658 | Zot:2    | Noticed an ancient lich
106100 | Zot:4    | Identified the amulet "Widaip" {Acrobat rElec rF+ Will-
                  | Stlth+}
106801 | Zot:5    | Entered Level 5 of the Realm of Zot
108253 | Zot:5    | Noticed a Killer Klown
108411 | Zot:5    | Banished a Killer Klown
108412 | Zot:5    | Reached XP level 26. HP: 266/266 MP: 21/40
108904 | Zot:5    | Noticed a dread lich
108938 | Zot:4    | Banished a dread lich
109001 | Zot:5    | Noticed a Killer Klown
109028 | Zot:5    | Banished a Killer Klown
109119 | Zot:5    | Noticed a dread lich
109128 | Zot:5    | Killed a dread lich
109298 | Zot:5    | Noticed a Killer Klown
109305 | Zot:5    | Banished a Killer Klown
109325 | Zot:5    | Noticed an orb of fire
109526 | Zot:5    | Gained mutation: You have a pair of antennae on your head.
                  | [an orb of fire]
109529 | Zot:5    | Killed an orb of fire
109586 | Zot:5    | Noticed an orb of fire
109708 | Zot:5    | Banished an orb of fire
110563 | Zot:5    | Noticed a dread lich
110604 | Zot:5    | Noticed an orb of fire
110608 | Zot:5    | Killed a dread lich
110609 | Zot:5    | Reached skill level 27 in Invocations
110612 | Zot:5    | Gained mutation: You are weak. (Str -2) [an orb of fire]
110617 | Zot:5    | Gained mutation: You have hidden genetic defects. [an orb
                  | of fire]
110621 | Zot:5    | Killed an orb of fire
110635 | Zot:5    | Noticed an orb of fire
110639 | Zot:5    | Gained mutation: Armour fits poorly on your strangely
                  | shaped body. [an orb of fire]
110660 | Zot:5    | Killed an orb of fire
110946 | Zot:5    | Noticed an orb of fire
110957 | Zot:5    | Gained mutation: You are frail. (-10% HP) [an orb of fire]
110958 | Zot:5    | Gained mutation: Your body often deteriorates upon taking
                  | damage. [an orb of fire]
110959 | Zot:5    | Gained mutation: You occasionally lose the ability to read
                  | scrolls when taking damage. [an orb of fire]
110964 | Zot:5    | Gained mutation: Your spells are a little easier to cast,
                  | but a little less powerful. [an orb of fire]
110965 | Zot:5    | Killed an orb of fire
111110 | Zot:5    | Noticed an orb of fire
111220 | Zot:5    | Noticed an ancient lich
111281 | Zot:5    | Killed an ancient lich
111453 | Zot:5    | Noticed an orb of fire
111598 | Zot:5    | Gained mutation: You are occasionally teleported next to
                  | monsters. [an orb of fire]
111599 | Zot:5    | Gained mutation: You have a pair of large antennae on your
                  | head. (SInv) [an orb of fire]
111612 | Zot:5    | Banished an orb of fire
111616 | Zot:5    | Lost mutation: Armour fits poorly on your strangely shaped
                  | body. [potion of mutation]
111616 | Zot:5    | Lost mutation: You are occasionally teleported next to
                  | monsters. [potion of mutation]
111616 | Zot:5    | Lost mutation: You are weak. (Str -2) [potion of mutation]
112056 | Zot:5    | Noticed an orb of fire
112106 | Zot:5    | Gained mutation: Your spells are easier to cast, but less
                  | powerful. [an orb of fire]
112108 | Zot:5    | Killed an orb of fire
112626 | Zot:5    | Gained mutation: Your magical capacity is low. (-10% MP)
                  | [hidden defects]
112864 | Zot:5    | Noticed a dread lich
112871 | Zot:5    | Banished a dread lich
113045 | Zot:5    | Corrupted Zot:5
113055 | Zot:5    | Killed an orb of fire
113065 | Zot:5    | Killed a dread lich
113081 | Zot:5    | Got the Orb of Zot
113238 | Zot:1    | Noticed Dasabbuh the pandemonium lord
113256 | Depths:4 | Noticed Xuciodgho the pandemonium lord
113264 | Depths:4 | Banished Xuciodgho the pandemonium lord
113548 | D:5      | Noticed Veeppo the pandemonium lord
113656 | D:$      | Escaped with the Orb!

Illustrated notes

Levels and vault maps discovered:
D:1:      wander_arrival_fairy_ring, layout_loops_ring,
          ebering_ecumenical_altar_webs
D:2:      layout_basic
D:3:      layout_rooms, vehumet_crystals, minmay_fractal_squares_diagonal_5
D:4:      cheibrodos_thug_alley, layout_basic, kennysheep_generic_room_4,
          uniq_blork_the_orc
D:5:      layout_layer_cave, lemuel_mausoleum_altar_kikubaaqudgha,
          temple_pool_b, gammafunk_ghost_smash
D:6:      layout_loops_cross, mainiacjoe_overflow_boulevard
D:7:      layout_gridville, nicolae_qazlal_style_of_elements,
          gammafunk_ghost_hive, enter_bailey_5, kb_rosetta
D:8:      minmay_the_grid_plus [minmay_the_grid_spikes,
          minmay_the_grid_odd_star, minmay_the_grid_minigrid_medium,
          minmay_the_grid_tiny_cups, minmay_the_grid_prize_shrinking_boxes],
          layout_basic, grunt_temple_overflow_open,
          nemelex_xobeh_ov_fountains_minmay, mrwooster_statue_mirror,
          uniq_maggie, uniq_joseph
D:9:      layout_stronghold, kennysheep_generic_room_15, uniq_grum
D:10:     layout_small_grid
D:11:     layout_loops_corners, erik_lair_island, special_room
          [special_room_bee]
D:12:     layout_cave_pools, serial_shops, nicolae_take_the_stairs,
          minivault_25_ag
D:13:     layout_long_grid, nrook_pool_corridor, roderic_roman_lattice,
          nicolae_evil_shop
D:14:     layout_basic, david_vaults_1
D:15:     grunt_enter_depths_magical_seal, layout_long_grid,
          corexii_hall_statues_t, minmay_fractal_squares_gapless_5
Lair:1:   layout_big_grid, gauntlet_entry_generic, serial_bayou_shore_a
Lair:2:   layout_chaotic_city, hellmonk_spider_entry_life_and_decay, uniq_harold
Lair:3:   layout_chaotic_city, palyth_hydra_swamp_entry, eino_house_with_fridge,
          grunt_megastairs_1, infiniplex_staircase_pool_2, lemuel_fruit_tree
Lair:4:   layout_gridlike, grunt_megastairs_3
Lair:5:   evilmike_catoblepas_cave, layout_hall_layers,
          nicolae_slime_entry_slimehenge
Swamp:1:  layout_basic_swamp, serial_swamp_ruin, evilmike_swamp_ruin_house_4,
          hangedman_swamp_ruin_hall, swamp_pool1, st_swamp_ruins_3,
          infiniplex_staircase_pool, uniq_aizul
Swamp:2:  layout_basic_swamp, wheals_swamp_sinkhole, swamp_pool1,
          nicolae_swamp_alligator_family
Swamp:3:  layout_basic_swamp, nicolae_swamp_triple_paths
Swamp:4:  grunt_swamp_rune_castle, layout_basic_swamp, uniq_louise
Spider:1: layout_chambers
Spider:2: layout_spider_delve
Spider:3: layout_cave_pods
Spider:4: spider_rune_water, hangedman_spider_tarantella_strand
Orc:1:    layout_caves
Orc:2:    st_orc_open, layout_caves, ebering_ghost_rock_garden, serial_shops,
          shop
Elf:1:    layout_gridlike, minmay_elf_annihilation, uniq_jorgrun
Elf:2:    nicolae_elf_blades_splatter_lattice
          [nicolae_blade_entry_sentries_behind_glass], layout_rooms,
          serial_shops, nicolae_stop_n_shop_2,
          portal_ice_cave_entry_pillars_four, lemuel_upstairs_altar
Elf:3:    elf_hall, layout_geoelf_grid, special_room [special_room_orc],
          serial_shops, shop, shop, nicolae_shop_trees
Vaults:1: nicolae_vaults_windows_and_doors_thing, v_misc_4,
          nicolae_vaults_diagonal_hallway_7, v_alt_pattern_3,
          ontoclasm_vaults_eye, nicolae_vaults_yaktaur_gun_rack,
          v_alt_pattern_1, v_misc_27, ontoclasm_vaults_ring_square,
          ontoclasm_vaults_spin, v_misc_23, vaults_mumra_lcd,
          vaults_room_stairs_pillars, layout_vaults_chaotic_city, serial_shops,
          bzr_entry_lakeside
Vaults:2: nicolae_vaults_theta, nicolae_vaults_shelves_hall,
          vaults_room_door_hall, vaults_dpeg_encased_lava, v_alt_pattern_5,
          nicolae_vaults_three_branches, nicolae_vaults_little_squares_2,
          vaults_mumra_hex, vaults_dpeg_diagonal, nicolae_vaults_asterisk,
          layout_vaults_omnigrid, uniq_saint_roka
Vaults:3: vaults_room_stairs_pillars, ontoclasm_vaults_shuriken, v_misc_9,
          minmay_crypt_entry_simple_sparse, vaults_standard_mumra_x,
          ontoclasm_vaults_bender, v_rooms_2, nicolae_vaults_ninety_degrees,
          v_rooms_1, nicolae_vaults_network_barrier, ontoclasm_vaults_pinch,
          ontoclasm_vaults_ring_small, nicolae_vaults_little_squares_1,
          grunt_vaults_bifocal, layout_vaults_maze, trove_entry_hex_spiral,
          serial_shops, shop, uniq_jory, uniq_boris
Vaults:4: v_misc_12, v_rooms_5, hangedman_vaults_maws, v_misc_27,
          vaults_room_fours, hangedman_vaults_capsules,
          nicolae_vaults_inception_scallops, nicolae_vaults_diagonal_hallway_7,
          nicolae_vaults_little_squares_6, hangedman_vaults_stretched_pinwheel,
          vaults_room_pool, vaults_mumra_chevron_long, ontoclasm_vaults_gateway,
          grunt_vaults_hallway_short, nicolae_vaults_angled_halls,
          layout_vaults_big_cross, serial_shops, shop, shop,
          nicolae_lakefront_shop, nicolae_shop_trees
Vaults:5: serial_shops
Crypt:1:  layout_catacombs, roderic_lattice_octagonal_star
Crypt:2:  layout_catacombs
Crypt:3:  church_of_pain_bobbens, layout_chaotic_city, serial_co_window_serial,
          co_window_of_opportunity_a, co_window_corner_a, co_window_paths_a,
          co_window_of_opportunity_a, co_window_paths_b, co_window_broadway_c,
          co_window_unsneaky_path_e, co_window_cross_2, co_window_paths_c,
          co_window_corner_b, glass_columns_b, glass_columns_a, glass_columns_a
Depths:1: layout_long_grid, hangedman_coc_ice_floe, nrook_campfire,
          grunt_decor_cap, nicolae_rare_books, grunt_ministairs_8,
          nzn_wu_jian_council_hall
Depths:2: giant_chief_lemuel, layout_gridlike, enter_ziggurat_b,
          grunt_hell_entry_dis_mu, hangedman_decor_riveting, serial_shops,
          bzr_in_the_mist, grunt_pan_entry_spiral
Depths:3: kennysheep_oblong_rooms, layout_gridlike,
          abyss_entry_small_statue_room, hangedman_geh_valley, pan_entry,
          lemuel_statue_altar
Depths:4: lemuel_castle_with_subvaults [lemuel_castle_interior_carwin_3],
          layout_cave_shapes, hell_entry, nicolae_sextant, serial_column_ruins,
          column_ruins_open_tiny, column_ruins_columns_straight,
          column_ruins_grid_3, column_ruins_open_small, column_ruins_grid_1,
          column_ruins_columns_corner, minmay_liquid_box, grunt_decor_arrowhead,
          onia_ninara_cookie
Zot:1:    layout_cathedral_of_symmetry, gammafunk_ghost_necromancy,
          hangedman_zot_diagonal_lockstep
Zot:2:    lemuel_acid_trip, layout_onion_interference
Zot:3:    layout_misc_corridors, ebering_ghost_rock_garden, grunt_ministairs_2
Zot:4:    layout_onion_interference
Zot:5:    layout_misc_corridors, hangedman_zot_gyre

Skill      XL: |  1  2  3  4  5  6  7  8  9 10 11 12 13 14 15 16 17 18 19 20 21 22 23 24 25 26 |
---------------+-------------------------------------------------------------------------------+-----
Axes           | 3 4 5 6 7 8 10 13 14 16 18 | 18.0
Fighting       | 4 5 6 7 9 11 13 15 16 17 19 20 21 22 23 24 26 27 | 27.0
Invocations    | 3 4 5 6 7 9 10 11 13 14 15 16 18 19 20 21 23 24 26 27 | 27.0
Evocations     | 2 5 6 9 11 13 15 | 15.0
Armour         | 3 6 7 9 11 13 15 17 19 21 | 21.5
Shields        | 4 9 12 14 16 18 20 21 22 23 25 | 25.0
Dodging        | |  0.7

Action                   |  1- 3 |  4- 6 |  7- 9 | 10-12 | 13-15 | 16-18 | 19-21 | 22-24 | 25-27 || total
-------------------------+-------+-------+-------+-------+-------+-------+-------+-------+-------++-------
Melee: Hand axe          |   120 |   154 |   300 |   637 |    69 |   155 |       |       |       ||  1435
       Punch             |       |     1 |     3 |     8 |       |       |       |       |       ||    12
       War axe           |       |       |       |       |   899 |  1078 |  1457 |  1588 |   800 ||  5822
       Broad axe         |       |       |       |       |   404 |   369 |       |    17 |    19 ||   809
Invok: Banish            |       |     2 |     4 |    29 |    11 |    16 |     4 |    10 |    23 ||    99
       Bend Space        |       |       |       |       |     4 |     2 |     1 |     1 |       ||     8
       Brand Weapon With |       |       |       |       |       |     1 |       |       |       ||     1
       Corrupt           |       |       |       |       |       |       |     3 |     5 |     2 ||    10
Evoke: Wand              |       |       |       |     3 |     4 |     1 |       |     1 |       ||     9
       Tin of tremorston |       |       |       |       |     4 |     9 |     6 |     9 |       ||    28
       Phantom mirror    |       |       |       |       |       |     2 |     2 |     6 |     3 ||    13
       Condenser vane    |       |       |       |       |       |       |       |     2 |     1 ||     3
  Use: Scroll            |       |       |     8 |    17 |    11 |     8 |     8 |    35 |    25 ||   112
       Potion            |       |       |     3 |     2 |     3 |     5 |     3 |    36 |    16 ||    68
 Stab: Distracted        |       |       |       |       |     1 |       |       |     1 |     1 ||     3
       Petrified         |       |       |       |       |     6 |       |       |       |       ||     6
       Petrifying        |       |       |       |       |     2 |       |       |       |       ||     2
       Confused          |       |       |       |       |       |     1 |       |       |       ||     1
       Held in net/web   |       |       |       |       |       |     1 |       |       |       ||     1
Armor: Leather armour    |    11 |       |       |       |       |       |       |       |       ||    11
       Plate armour      |    76 |   105 |   148 |    12 |       |       |       |       |       ||   341
       Skin              |       |       |    16 |       |       |       |       |       |       ||    16
       Crystal plate arm |       |       |       |   288 |   602 |   724 |   425 |   366 |    88 ||  2493
       Gold dragon scale |       |       |       |       |       |       |       |       |    92 ||    92
Dodge: Dodged            |    49 |    33 |    74 |    54 |    43 |    87 |    91 |   168 |   155 ||   754
       Repelled          |       |       |       |       |       |       |       |    12 |    38 ||    50
Block: Other             |       |       |     4 |   122 |     2 |       |       |       |       ||   128
       Reflection        |       |       |       |     1 |    46 |    81 |    66 |    35 |       ||   229
       Tower shield      |       |       |       |       |  1667 |  1939 |  1631 |  1541 |   708 ||  7486
       Rpst.: War axe    |       |       |       |       |       |       |       |   145 |   212 ||   357
       Broad axe         |       |       |       |       |       |       |       |       |    11 ||    11
